 Dungeon Crawl Stone Soup version 0.29-a0-380-gf50f0a9fbc (webtiles) character file.

Game seed: 12165738071807321826

25 Antichthon the Skirmisher (level 3, -4/29 HPs)
             Began as a Formicid Abyssal Knight on May 5, 2022.
             Was a Believer of Lugonu.
             Slain by a worm (10 damage)
             ... on level 2 of the Dungeon.
             The game lasted 00:01:11 (878 turns).

Antichthon the Skirmisher (Formicid Abyssal Knight)  Turns: 878, Time: 00:01:11

Health: -4/29      AC:  3    Str: 17    XL:     3   Next: 17%
Magic:  4/4        EV: 11    Int:  9    God:    Lugonu [**....]
Gold:   65         SH:  0    Dex: 13    Spells: 2/2 levels left

rFire   . . .      SeeInvis +   a - +1 mace
rCold   . . .      Faith    .   (no shield)
rNeg    . . .      Spirit   .   b - +0 leather armour
rPois   .          Reflect  .   (helmet unavailable)
rElec   .          Harm     .   (no cloak)
rCorr   .          Rampage  .   (no gloves)
Will    .....                   (no boots)
Stlth   +.........              (no amulet)
HPRegen 0.09/turn               f - ring of flight
MPRegen 0.09/turn               (no ring)

@: flying
A: permanent stasis, dig shafts and tunnels, antennae 3, four strong arms
a: Dig, Shaft Self, Renounce Religion, Depart the Abyss, Bend Space


You were on level 2 of the Dungeon.
You worshipped Lugonu.
Lugonu was pleased with you.
You visited 1 branch of the dungeon, and saw 2 of its levels.
You visited the Abyss 1 time.

You collected 65 gold pieces.

Inventory:

Hand Weapons
 a - a +1 mace (weapon)
Missiles
 e - 2 throwing nets
Armour
 b - a +0 leather armour (worn)
Jewellery
 f - a ring of flight (left hand)
Scrolls
 g - a scroll of enchant armour {unknown}
 h - a scroll of fear {unknown}
 i - a scroll of magic mapping {unknown}
Potions
 c - a potion of berserk rage {unknown}
 d - a potion of curing {unknown}


   Skills:
 - Level 3.2 Fighting
 - Level 2.0 Maces & Flails
 * Level 2.5 Crossbows
 - Level 2.1 Armour
 - Level 0.8 Dodging
 - Level 2.1 Invocations


You had 2 spell levels left.
You didn't know any spells.
Your spell library contained the following spells:

 Spells                   Type           Power      Damage    Failure   Level
 Corpse Rot               Necr/Air       0%         N/A       58%         2
 Poisonous Vapours        Pois/Air       0%         N/A       58%         2


Dungeon Overview and Level Annotations

Branches:
Dungeon (2/15)

Altars:

Shops:
D:1 *


Innate Abilities, Weirdness & Mutations

You cannot be hasted, slowed, berserked, paralysed or teleported.
You can dig through walls and to a lower floor.
You have a pair of large antennae on your head. (SInv)
Your four strong arms can wield two-handed weapons with a shield.


Message History

A worm comes into view.
Found 9 gold pieces.
The dart slug launches a dart at you. The slug dart misses you.
The dart slug launches a dart at you. The slug dart misses you.
You completely miss the dart slug. The dart slug closely misses you.
You hit the dart slug.
The dart slug is lightly wounded.
The dart slug launches a dart at you. The slug dart misses you.
You hit the dart slug.
The dart slug is moderately wounded.
The dart slug bites you.
You hit the dart slug.
The dart slug is moderately wounded.
The dart slug launches a dart at you. The slug dart misses you.
The worm bites you.
You completely miss the worm. The dart slug launches a dart at you.
The slug dart hits you. The worm closely misses you.
You barely miss the worm. The dart slug barely misses you.
The worm barely misses you.
Unknown command.
You hit the dart slug but do no damage.
The dart slug is moderately wounded.
The dart slug launches a dart at you. The slug dart hits you.
You hit the dart slug but do no damage.
The dart slug is moderately wounded.
The worm bites you. The dart slug launches a dart at you.
The slug dart hits you.
You thump the dart slug!
You kill the dart slug!
Lugonu accepts your kill. The worm bites you!
* * * LOW HITPOINT WARNING * * *
The worm bites you!
You die...

#.# #.# #.#
#.#########+###
#<..#.........#
#...+....$....#
#...#......$..#
#...)....w...$#
#........@....#
#.............#
#.............#
#.............#
#....##########
######


You could see a worm.

Vanquished Creatures
  2 dart slugs
  2 endoplasms (D:1)
  3 giant cockroaches (D:1)
  2 goblins (D:1)
  2 hobgoblins (D:1)
  A kobold (D:1)
  A quokka (D:1)
  2 ball pythons (D:1)
  A frilled lizard (D:1)
  2 rats (D:1)
18 creatures vanquished.

Notes
Turn   | Place    | Note
-------+----------+-------------------------------------------
     0 | Abyss:1  | Antichthon the Formicid Abyssal Knight began the quest for
                  | the Orb.
     0 | Abyss:1  | Reached XP level 1. HP: 18/18 MP: 2/2
    78 | Abyss:1  | Noticed a smoke demon
    79 | D:1      | Escaped the Abyss
   143 | D:1      | Found Cuucesy's General Store.
   220 | D:1      | Reached skill level 1 in Crossbows
   284 | D:1      | Reached XP level 2. HP: 20/24 MP: 3/3
   341 | D:1      | Found a faded altar of an unknown god.
   345 | D:1      | Reached ** piety under Lugonu
   645 | D:1      | Reached XP level 3. HP: 27/29 MP: 4/4
   878 | D:2      | Slain by a worm

Illustrated notes

Levels and vault maps discovered:
D:1:      roderic_dead_forest, layout_rooms, serial_shops, shop,
          shapermc_ecumenical_altar_starsandcircs
D:2:      layout_basic

Skill      XL: |  1  2 |
---------------+-------+-----
Crossbows      | 1 2 |  2.5
Fighting       | |  3.2
Maces & Flails | |  2.0
Armour         | |  2.1
Dodging        | |  0.8
Invocations    | |  2.1

Action                   || total
-------------------------++-------
Melee: Mace              ||    52
Invok: Depart the Abyss  ||     1
Armor: Leather armour    ||     7
Dodge: Dodged            ||    36

Table legend: (Time is in decaauts)
 A = Elapsed time spent in this place.
 B = Non-inter-level travel time spent in this place.
 C = Inter-level travel time spent in this place.
 D = Time resting spent in this place.
 E = Time spent auto-exploring this place.
 F = Levels seen in this place.
 G = Mean time per level.
                   A        B        C        D        E       F      G
               +--------+--------+--------+--------+--------+-----+--------+
         Total |    893 |    868 |     25 |      0 |    697 |   3 |  297.7 |
       Dungeon |    814 |    789 |     25 |      0 |    621 |   2 |  407.0 |
         Abyss |     79 |     79 |      0 |      0 |     76 |   1 |   79.0 |
               +--------+--------+--------+--------+--------+-----+--------+

Top non-repeatable levels by time:
     D:1: 795 daAuts
 Abyss:1: 79 daAuts
     D:2: 19 daAuts
